 Dungeon Crawl Stone Soup version 0.25.1-9-gc5326a611f (webtiles) character file.

Game seed: 7678516598298250324

0 Goreval the Magician (level 1, -2/11 HPs)
             Began as an Octopode Wizard on Dec 28, 2020.
             Killed from afar by a dart slug (6 damage)
             ... with a slug dart
             ... on level 1 of the Dungeon on Dec 29, 2020.
             The game lasted 00:01:06 (20 turns).

Goreval the Magician (Octopode Wizard)                Turns: 20, Time: 00:01:06

Health: -2/11      AC:  1    Str:  6    XL:     1   Next: 0%
Magic:  0/4        EV: 13    Int: 20    God:
Gold:   0          SH:  0    Dex: 10    Spells: 5/6 levels left

rFire    . . .     SeeInvis .   (no weapon)
rCold    . . .     Gourm    .   (no shield)
rNeg     . . .     Faith    .   a - +0 hat
rPois    .         Spirit   .   (no amulet)
rElec    .         Reflect  .   (no ring)
rCorr    .         Harm     .   (no ring)
MR       .....                  (no ring)
Stlth    +++.......             (no ring)
HPRegen  0.03/turn              (no ring)
MPRegen  0.09/turn              (no ring)
                                (no ring)
                                (no ring)

@: very slightly contaminated
A: almost no armour, stealthy swim, amphibious, 8 rings, constrict 8, camouflage
1, gelatinous body 1
a: no special abilities


You were on level 1 of the Dungeon.
You were not hungry.

You visited 1 branch of the dungeon, and saw 1 of its levels.

Inventory:

Armour
 a - a +0 hat (worn)
Scrolls
 d - a scroll of identify {unknown}
Potions
 b - a potion of haste {unknown}
Comestibles
 c - a ration


   Skills:
 + Level 2.0 Dodging
 + Level 2.6 Stealth
 + Level 3.0 Spellcasting
 + Level 1.0 Conjurations
   Level 1.0 Summonings
   Level 1.0 Translocations


You had 5 spell levels left.
You knew the following spells:

 Your Spells              Type           Power        Failure   Level  Hunger
a - Magic Dart            Conj           #...         10%         1    None

Your spell library contained the following spells:

 Spells                   Type           Power        Failure   Level  Hunger
 Blink                    Tloc           N/A          14%         2    ##.....
 Call Imp                 Summ           #.......     14%         2    ##.....
 Slow                     Hex            #.......     22%         2    ##.....
 Conjure Flame            Conj/Fire      #.......     34%         3    ###....
 Mephitic Cloud           Conj/Pois/Air  #.......     36%         3    ###....


Dungeon Overview and Level Annotations

Branches:
Dungeon (1/15)

Altars:


Innate Abilities, Weirdness & Mutations

You cannot wear most types of armour.
You are very stealthy in the water. (Stealth+)
You are amphibious.
You can wear up to eight rings at the same time.
You can use your tentacles to constrict eight enemies at once.
Your skin changes colour to match your surroundings (Stealth+).
Your rubbery body absorbs attacks. (AC +1, EV +1)


Message History

The tentacle slaps the ghoul!
The tentacle slaps something!
Found a ring mail.
A goblin and a dart slug come into view.
Aim: a dart slug (asleep)
You miscast Magic Dart.
You are very lightly contaminated with residual magic.
Nothing appears to happen.
Aim: a dart slug (asleep)
The magic dart hits the dart slug.
Aim: a dart slug (moderately wounded)
The magic dart hits the dart slug.
The dart slug launches a dart at you. The slug dart hits you!
Ouch! That really hurt!
Aim: a dart slug (heavily wounded)
The magic dart hits the dart slug.
The dart slug launches a dart at you. The slug dart hits you.
Ouch! That really hurt!
You die...

##.#########.#
#..#..cH†..#.## ..
#..#.≈≈wX§c#..# ..#
...#.§§§§§H#..##.#
##.#d§≈§§§n#..#..####
...#icoiad9#.........
#..#########.........
#.....'''.....#..[...
#.#####.###@#.#......
#.....#...w......
#..<..###........
#.....# ##......g
####### ...#### ...#
...# ...# ...#


You could see a ghoul, a minotaur, 2 draconians, a formicid, a gargoyle, 2
spriggans, 2 centaurs, a dart slug and an orc.

Vanquished Creatures (others)
  A kraken (D:1)
  A ghoul (D:1)
  An octopode (D:1)
  A troll (D:1)
  A naga (D:1)
  5 tentacles (D:1)
10 creatures vanquished.

Notes
Turn   | Place    | Note
-------+----------+-------------------------------------------
     0 | D:1      | Goreval the Octopode Wizard began the quest for the Orb.
     0 | D:1      | Reached XP level 1. HP: 11/11 MP: 4/4
     0 | D:1      | Upgraded the game from 0.25.1-8-g42b30a86e7 to
                  | 0.25.1-9-gc5326a611f
     2 | D:1      | Killed a troll
     3 | D:1      | Killed an octopode
     7 | D:1      | Noticed a centaur
     7 | D:1      | Noticed a minotaur
     7 | D:1      | Noticed a ghoul
     7 | D:1      | Noticed a naga
     7 | D:1      | Noticed a draconian
     7 | D:1      | Noticed a ghoul
     7 | D:1      | Noticed a spriggan
     7 | D:1      | Noticed a kraken
     7 | D:1      | Noticed a centaur
     7 | D:1      | Noticed a spriggan
     7 | D:1      | Noticed a formicid
     7 | D:1      | Noticed a draconian
     7 | D:1      | Noticed a gargoyle
    12 | D:1      | Killed a ghoul
    13 | D:1      | Killed a naga
    13 | D:1      | Killed a kraken
    20 | D:1      | Killed from afar by a dart slug

Illustrated notes

Levels and vault maps discovered:
D:1:      nicolae_arrival_kraken_aquarium_b, layout_rooms, minmay_pentomino_u4

Action                   || total
-------------------------++-------
 Cast: Magic Dart        ||     3
